 Dungeon Crawl Stone Soup version 0.32-a0-953-g508020473e (webtiles) character file.

Game seed: 14314973679244034549

35889 Esekla the Thaumaturge (level 13, -1/113 (114) HPs)
             Began as a Demonspawn Wanderer on Apr 16, 2024.
             Was an Elder of Ashenzari.
             Slain by a komodo dragon (31 damage)
             ... on level 4 of the Lair of Beasts on Apr 17, 2024.
             The game lasted 01:36:50 (15260 turns).

Esekla the Thaumaturge (Demonspawn Wanderer)       Turns: 15260, Time: 01:36:51

HP:   -1/113 (114)  AC:  7    Str: 13    XL:     13   Next: 50%
MP:   21/28         EV: 13    Int: 26    God:    Ashenzari [****..]
Gold: 1201          SH:  0    Dex: 13    Spells: 22/34 levels left

rFire   + . .        w - +6 spear "Eternal Water Diviner" {vamp, ^Fragile rPois rF+ Dex+3, Melee, Cun} (curse)
rCold   . . .        (no shield)
rNeg    . . .        o - +0 robe "Cursed Doubts" {Fort, Melee} (curse)
rPois   +            b - +0 helmet "Anxiety of Ashenzari" {Bglg, Sorc} (curse)
rElec   .            G - +0 cloak of the Oracular Omen {Sorc, Comp} (curse)
rCorr   .            n - +1 pair of gloves
SInv    +            (no boots)
Will    .....        t - amulet of Ashenzari's Irritation {Regen+, Range, Self} (curse)
Stlth   ++++         v - ring "I Foresaw This" {Slay+4, Sorc, Bglg} (curse)
HPRegen 3.18/turn    D - ring "All-seeing Frustration" {Int+6, Cun, Sorc} (curse)
MPRegen 0.21/turn

%: clarity
@: lightly drained
A: hooves 2, powered by death 2, robust 1, sharp scales 1
a: Renounce Religion, Curse Item, Shatter the Chains


You were on level 4 of the Lair of Beasts.
You worshipped Ashenzari.
Ashenzari was greatly pleased with you.
You visited 4 branches of the dungeon, and saw 17 of its levels.
You also visited: Bailey.

You collected 1201 gold pieces.

Inventory:

Hand Weapons
 i - a +2 dagger of venom
 p - a +6 trident of flaming
 w - the cursed +6 spear "Eternal Water Diviner" (weapon) {vamp, ^Fragile rPois rF+ Dex+3, Melee, Cun}
   (You found it on level 5 of the Dungeon)

   Dex+3:     It affects your dexterity (+3).
   rF+:       It protects you from fire.
   rPois:     It protects you from poison.
   ^Fragile:  It will be destroyed if unequipped.
   It has a curse which improves the following skills: Melee Combat: Short
   Blades, Long Blades, Axes, Maces & Flails, Polearms, Staves and Unarmed
   Combat.
   Cunning:   Dodging and Stealth.
 P - the +8 falchion of Luesadgh {flame, rN+ Int+5 Dex+4}
   (You found it in a bailey)

   Int+5:     It affects your intelligence (+5).
   Dex+4:     It affects your dexterity (+4).
   rN+:       It protects you from negative energy.
Missiles
 r - 38 poisoned darts (quivered)
 u - 8 curare-tipped darts
 C - 28 boomerangs
 I - 4 javelins
Armour
 b - the cursed +0 helmet "Anxiety of Ashenzari" (worn) {Bglg, Sorc}
   (You found it on level 9 of the Dungeon)

   It has a curse which improves the following skills: Beguiling: Hexes and
   Translocations.
   Sorcery:   Conjurations and Alchemy.
 n - a +1 pair of gloves (worn)
 o - the cursed +0 robe "Cursed Doubts" (worn) {Fort, Melee}
   (You took it off a hobgoblin on level 2 of the Dungeon)

   It has a curse which improves the following skills: Fortitude: Armour and
   Shields.
   Melee Combat: Short Blades, Long Blades, Axes, Maces & Flails, Polearms,
   Staves and Unarmed Combat.
 G - the cursed +0 cloak of the Oracular Omen (worn) {Sorc, Comp}
   (You found it on level 6 of the Dungeon)

   It has a curse which improves the following skills: Sorcery: Conjurations and
   Alchemy.
   Companions: Summonings and Necromancy.
Jewellery
 s - a +6 ring of strength
 t - the cursed amulet of Ashenzari's Irritation (around neck) {Regen+, Range, Self}
   (You found it on level 4 of the Dungeon)

   [amulet of regeneration]

   Regen+:    It increases your rate of health regeneration.
   It has a curse which improves the following skills: Ranged Combat: Ranged
   Weapons and Throwing.
   Introspection: Fighting and Spellcasting.
 v - the cursed ring "I Foresaw This" (left hand) {Slay+4, Sorc, Bglg}
   (You found it on level 10 of the Dungeon)

   [ring of slaying]

   Slay+4:    It affects your accuracy & damage with ranged weapons and melee
   (+4).
   It has a curse which improves the following skills: Sorcery: Conjurations and
   Alchemy.
   Beguiling: Hexes and Translocations.
 z - a ring of ice
 D - the cursed ring "All-seeing Frustration" (right hand) {Int+6, Cun, Sorc}
   (You found it on level 1 of the Lair of Beasts)

   [ring of intelligence]

   Int+6:     It affects your intelligence (+6).
   It has a curse which improves the following skills: Cunning: Dodging and
   Stealth.
   Sorcery:   Conjurations and Alchemy.
Wands
 d - a wand of flame (36)
 h - a wand of digging (8)
 j - a wand of acid (7)
 y - a wand of mindburst (12)
Scrolls
 a - 3 scrolls of revelation
 f - a scroll of blinking
 g - 4 scrolls of amnesia
 l - 5 scrolls of teleportation
 m - 2 scrolls of poison
 B - a scroll of silence
 E - 3 scrolls of fear
 F - 2 scrolls of enchant weapon
 H - a scroll of enchant armour
 J - 3 scrolls of butterflies
 R - a scroll of torment
Potions
 c - 6 potions of curing
 e - 2 potions of ambrosia
 k - 2 potions of brilliance
 q - 6 potions of enlightenment
 x - a potion of lignification
 A - 3 potions of attraction
 K - a potion of heal wounds
 L - a potion of might
 M - a potion of cancellation
 N - 2 potions of resistance
 O - a potion of experience
 Q - a potion of magic
 S - a potion of berserk rage


   Skills:
 * Level 8.4(10.3) Fighting
 + Level 1.6(3.5) Short Blades
 + Level 7.0(9.7) Polearms
 + Level 3.2(4.8) Throwing
 + Level 1.0(2.1) Armour
 + Level 3.8(6.2) Dodging
 + Level 6.9(9.7) Stealth
 * Level 9.4(11.2) Spellcasting
 + Level 8.1(12.5) Conjurations
 * Level 8.3 Fire Magic
 * Level 7.6 Air Magic
 + Level 7.2(11.6) Alchemy
 + Level 1.0 Evocations


You had 22 spell levels left.
You knew the following spells:

 Your Spells              Type           Power      Damage    Failure   Level
a - Sting                 Conj/Alch      100%       1d9       1%          1
c - Mephitic Cloud        Conj/Alch/Air  62%        N/A       1%          3
k - Airstrike             Air            26%        2d(4-20)  1%          4
y - Sticky Flame          Fire/Alch      60%        2d10      1%          4

Your spell library contained the following spells:

 Spells                   Type           Power      Damage    Failure   Level
 Static Discharge         Conj/Air       100%       3-8/arc   1%          2
 Inner Flame              Hex/Fire       37%        N/A       1%          3
 Flame Wave               Conj/Fire      62%        2d14      1%          4
 Summon Lightning Spire   Summ/Air       35%        N/A       9%          4


Dungeon Overview and Level Annotations

Branches:
Dungeon (10/15)            Temple (1/1) D:6            Lair (5/5) D:10
  Swamp (0/4) Lair:3       Spider (0/4) Lair:2        Slime (0/5) Lair:4
    Orc (1/2) D:9          Bailey (visited)

Altars:
Ashenzari
Cheibriados
Dithmenos
Fedhas
Gozag
Hepliaklqana
Kikubaaqudgha
Makhleb
Nemelex Xobeh
Qazlal
Ru
Sif Muna
Trog
Uskayaw
Vehumet
Wu Jian
Xom
Yredelemnul
Jiyva

Shops:
D:4 (   Orc:1 ?

Annotations:
D:3 ice beast
D:5 2 transporters
D:9 1 runed translucent door
D:10 3 runed translucent doors, asd2613's ghost, journeyman TrMo


Innate Abilities, Weirdness & Mutations

You have hoof-like feet.
You regenerate health from kills.
You are robust. (+10% HP)
You are partially covered in razor-sharp scales. (AC +1, Slay +1)


Message History

You hear an angry hiss.
The rime drake hisses angrily.
There is a stone staircase leading up, spattered with blood here.
The komodo dragon bites you. The hell rat bites you.
You feel drained.
You climb upwards.
There is a stone staircase leading down, spattered with blood here.
Casting: Sticky Flame (mildly dangerous; 1% risk of failure)
Confirm with . or Enter, or press ? or * to list all spells.
Aiming: Sticky Flame (mildly dangerous; 1% risk of failure)
Press: ? - help, Shift-Dir - straight line, f - hell rat
Aim: a hell rat The sticky flame hits the hell rat!
The hell rat is heavily wounded.
The ice encasing you melts away.
The hell rat burns!
The komodo dragon bites you!! The hell rat bites you!
Casting: Sticky Flame (mildly dangerous; 1% risk of failure)
Confirm with . or Enter, or press ? or * to list all spells.
You don't know that spell.
You hit the komodo dragon.
The komodo dragon is lightly wounded.
The hell rat burns!
You kill the hell rat!
The komodo dragon bites you!
Casting: Sticky Flame (mildly dangerous; 1% risk of failure)
Confirm with . or Enter, or press ? or * to list all spells.
Aiming: Sticky Flame (mildly dangerous; 1% risk of failure)
Press: ? - help, Shift-Dir - straight line, f - komodo dragon
Aim: a komodo dragon (lightly wounded)
The sticky flame hits the komodo dragon.
The komodo dragon is lightly wounded.
The komodo dragon burns!
The komodo dragon bites you!
You hit the komodo dragon.
You feel better.
The komodo dragon is moderately wounded.
The komodo dragon burns!
The komodo dragon bites you!!
* * * LOW HITPOINT WARNING * * *
You hit the komodo dragon.
You feel better.
You kick the komodo dragon.
The komodo dragon is severely wounded.
You completely miss the komodo dragon. You kick the komodo dragon.
The komodo dragon is severely wounded.
The komodo dragon burns!
The komodo dragon bites you!!
You die...

##......#.###....#......##...#
#..###..####....##...........#
##.####.####....P#.##.##.#...#
#...................####.....
##............................
#.............................
###............÷...............
#.#...........l†..P####.###....
##....##.+##.#@†..## ####.....
##...####D####.†..# #######....
#....# #..####....# #...# #....
###..###...#.#....# #...###....
#..P#.....†.....###....##....
###..+......#P....##....##.....
#.#..####..##...........P##....
#....####..###....#..P..###....
##P.....##+###.....###.#.##....


You could see a komodo dragon (burning).

Vanquished Creatures
  An orc warlord (Bailey)
  Snorg (D:10)
  Harold (Lair:1)
  3 hydras
  2 two-headed ogres
  3 boulder beetles
  4 death yaks (Lair:5)
  Nergalle (D:10)
  Sonja (D:10)
  A bog body (Lair:3)
  An oklob plant (Lair:3)
  A cyclops (D:10)
  4 elephants (Lair:3)
  A kobold blastminer (Orc:1)
  11 cane toads
  3 black mambas
  7 komodo dragons
  4 rime drakes
  2 trolls
  4 polar bears
  Prince Ribbit (D:5)
  A hornet (D:10)
  7 blink frogs
  A culicivora (Lair:2)
  2 shadows (D:10)
  31 yaks
  6 wyverns
  4 basilisks
  An acid dragon (D:9)
  10 water moccasins
  11 orc warriors
  A black bear (D:8)
  A sky beast (D:7)
  5 ogres
  4 wolves
  2 centaurs
  5 kobold brigands
  A phantom (D:6)
  8 bullfrogs
  A scorpion (D:7)
  3 gnoll sergeants
  7 wights
  14 killer bees
  3 bombardier beetles
  A howler monkey (D:7)
  4 jellies
  A gnoll bouda (D:8)
  3 hounds
  8 orc priests
  5 iguanas
  A sleepcap (D:5)
  9 orc wizards
  5 hell rats
  2 adders (D:5)
  14 gnolls
  4 white imps
  4 dart slugs
  A ribbon worm (D:3)
  39 orcs
  2 ball pythons
  2 bats
  6 endoplasms
  16 goblins
  12 hobgoblins
  2 quokkas
  2 frilled lizards
  37 kobolds
  5 rats
371 creatures vanquished.

Notes
Turn   | Place    | Note
-------+----------+-------------------------------------------
     0 | D:1      | Esekla the Demonspawn Wanderer began the quest for the Orb.
     0 | D:1      | Esekla set off with the following items: a +0 club, a
                  | potion of heal wounds, a +0 robe, a wand of flame (7); and
                  | the following spell memorised: Sting; and the following
                  | spells available to memorise: Mephitic Cloud, Sticky Flame.
     0 | D:1      | Reached XP level 1. HP: 13/13 MP: 4/4
   189 | D:1      | Found a faded altar of an unknown god.
   257 | D:1      | Gained mutation: You have large cloven feet. [demonic
                  | ancestry]
   257 | D:1      | Reached XP level 2. HP: 12/19 MP: 6/6
  1100 | D:2      | Reached XP level 3. HP: 24/24 MP: 7/7
  1896 | D:3      | Found a shimmering altar of Xom.
  1918 | D:3      | Noticed an ice beast
  1932 | D:2      | Learned a level 3 spell: Mephitic Cloud
  2592 | D:4      | Found Gufuh's Weapon Boutique.
  2670 | D:4      | Reached skill level 1 in Fire Magic
  2670 | D:4      | Reached skill level 1 in Air Magic
  2670 | D:4      | Reached XP level 4. HP: 24/31 MP: 4/8
  2893 | D:4      | Reached skill level 1 in Fighting
  2922 | D:4      | Noticed a phantom
  2931 | D:5      | Entered Level 5 of the Dungeon
  2931 | D:5      | Noticed Prince Ribbit
  2946 | D:5      | Killed Prince Ribbit
  2947 | D:5      | Reached skill level 1 in Short Blades
  2947 | D:5      | Reached skill level 1 in Dodging
  2947 | D:5      | Reached skill level 1 in Conjurations
  2947 | D:5      | Reached XP level 5. HP: 14/37 MP: 2/10
  2947 | D:5      | Reached XP level 6. HP: 17/43 MP: 2/11
  3060 | D:5      | Found a transporter.
  3113 | D:5      | Identified the +6 spear of the Crawling Thing {vamp,
                  | ^Fragile rPois rF+ Dex+3}
  3346 | D:5      | Noticed a water moccasin
  3358 | D:5      | Killed a water moccasin
  3359 | D:5      | Reached skill level 4 in Spellcasting
  3496 | D:5      | Learned a level 4 spell: Sticky Flame
  3505 | D:5      | Gained mutation: You regenerate a little health from kills.
                  | [demonic ancestry]
  3505 | D:5      | Reached XP level 7. HP: 39/50 MP: 8/13
  3544 | D:5      | Found a stormy altar of Qazlal.
  3657 | D:5      | Reached skill level 1 in Polearms
  3718 | D:5      | Found a sparkling altar of Nemelex Xobeh.
  3786 | D:5      | Found a transporter.
  4068 | D:5      | Learned a level 4 spell: Airstrike
  4380 | D:6      | Gained mutation: You are partially covered in razor-sharp
                  | scales. (AC +1, Slay +1) [demonic ancestry]
  4380 | D:6      | Reached XP level 8. HP: 55/57 MP: 14/14
  4630 | D:6      | Found a staircase to the Ecumenical Temple.
  4639 | Temple   | Entered the Ecumenical Temple
  4644 | Temple   | Became a worshipper of Ashenzari the Shackled
  4791 | D:6      | Reached skill level 1 in Throwing
  5475 | D:7      | Reached skill level 5 in Spellcasting
  5475 | D:7      | Gained mutation: You have hoof-like feet. [demonic
                  | ancestry]
  5475 | D:7      | Reached XP level 9. HP: 65/65 MP: 12/16
  5842 | D:8      | Noticed a two-headed ogre
  5855 | D:8      | Killed a two-headed ogre
  5856 | D:8      | Reached skill level 5 in Alchemy
  5919 | D:8      | Found a flagged portal.
  5994 | D:8      | Reached * piety under Ashenzari
  5996 | Bailey   | Entered a bailey
  6001 | Bailey   | Noticed an orc warlord
  6001 | Bailey   | Identified the +8 falchion of Luesadgh {flame, rN+ Int+5
                  | Dex+4}
  6142 | Bailey   | Found a runed translucent gate.
  6144 | Bailey   | Found a runed translucent gate.
  6146 | Bailey   | Found a runed translucent gate.
  6309 | Bailey   | Killed an orc warlord
  6310 | Bailey   | Reached skill level 5 in Fighting
  6310 | Bailey   | Gained mutation: You are robust. (+10% HP) [demonic
                  | ancestry]
  6310 | Bailey   | Reached XP level 10. HP: 83/83 MP: 3/20
  6625 | D:8      | Reached skill level 6 in Spellcasting
  7071 | D:8      | Identified the +3 leather armour "Oxtevusay" {+Inv Str+2
                  | Dex-5}
  7141 | D:8      | Reached skill level 5 in Conjurations
  7338 | D:9      | Reached skill level 5 in Fire Magic
  7484 | D:9      | Reached ** piety under Ashenzari
  7991 | D:9      | Found a staircase to the Orcish Mines.
  7998 | D:9      | Reached skill level 5 in Polearms
  8040 | D:9      | Noticed a two-headed ogre
  8045 | D:9      | Killed a two-headed ogre
  8046 | D:9      | Reached skill level 5 in Air Magic
  8394 | D:9      | Found a runed translucent door.
  8394 | D:9      | Noticed a tengu warrior
  8454 | Orc:1    | Entered Level 1 of the Orcish Mines
  8481 | Orc:1    | Noticed a kobold blastminer
  8490 | Orc:1    | Killed a kobold blastminer
  8554 | Orc:1    | Gained mutation: You regenerate health from kills. [demonic
                  | ancestry]
  8554 | Orc:1    | Reached XP level 11. HP: 86/91 MP: 10/22
  8765 | Orc:1    | Found Withy's Magic Scroll Shop.
  8863 | D:10     | Entered Level 10 of the Dungeon
  8869 | D:10     | Noticed Nergalle
  8927 | D:10     | Found a staircase to the Lair.
  9021 | D:10     | Killed Nergalle
  9380 | D:10     | Reached skill level 5 in Stealth
  9391 | D:10     | Found a runed translucent gate.
  9391 | D:10     | Found a runed translucent gate.
  9393 | D:10     | Found a runed translucent gate.
  9394 | D:10     | Noticed asd2613's ghost (journeyman TrMo)
  9415 | D:10     | Noticed Snorg
  9453 | D:10     | Killed Snorg
  9454 | D:10     | Reached skill level 7 in Spellcasting
  9993 | D:10     | Noticed Sonja
 10001 | D:10     | Killed Sonja
 10209 | D:10     | Noticed a ten-headed hydra
 10385 | Lair:1   | Entered Level 1 of the Lair of Beasts
 10797 | Lair:1   | Noticed Harold
 10843 | Lair:1   | Killed Harold
 11074 | Lair:1   | Reached skill level 8 in Spellcasting
 11128 | Lair:1   | Reached XP level 12. HP: 101/101 MP: 20/25
 11750 | Lair:2   | Found a hole to the Spider Nest.
 12542 | Lair:3   | Reached *** piety under Ashenzari
 12777 | Lair:3   | Noticed a six-headed hydra
 12792 | Lair:2   | Killed a six-headed hydra
 13117 | Lair:3   | Reached **** piety under Ashenzari
 13206 | Lair:3   | Noticed a boulder beetle
 13226 | Lair:3   | Killed a boulder beetle
 13435 | Lair:3   | Found a staircase to the Swamp.
 13672 | Lair:4   | Reached skill level 9 in Spellcasting
 13672 | Lair:4   | Reached XP level 13. HP: 111/111 MP: 18/27
 13909 | Lair:4   | Found a staircase to the Slime Pits.
 13931 | Lair:4   | Found a viscous altar of Jiyva.
 14653 | Lair:5   | Entered Level 5 of the Lair of Beasts
 15260 | Lair:4   | Slain by a komodo dragon

Illustrated notes

Levels and vault maps discovered:
D:1:      roadster_arrival_rocket_small, layout_loops_ring,
          basic_ecumenical_altar
D:2:      layout_basic, basic_altar, dk_noncrumbling_4
D:3:      layout_loops_ring, nicolae_overflow_hidden_temple,
          chequers_serial_rivers_small_a, kennysheep_nub,
          wander_ebering_terrifying_dragon_lair
D:4:      layout_basic, kennysheep_okawaru_gauntlet, nicolae_stop_n_shop_2,
          minmay_between
D:5:      gammafunk_steamed_eel, layout_basic, mainiacjoe_overflow_brackets,
          nemelex_spade_bored_becter, serial_park_tiny_pond, uniq_prince_ribbit1
D:6:      layout_basic, minmay_temple_entry_poolview, mrwooster_statue_mirror,
          eino_curves_02, minmay_pentangle
D:7:      layout_basic, general_overflow_altar
D:8:      layout_basic, enter_bailey_3, minmay_starry_boxes
D:9:      layout_loops_cross, orc_0_dummy, minivault_13
D:10:     layout_stronghold, david_lair_shrubbed, gammafunk_ghost_hydra_chop,
          uniq_snorg, uniq_sonja, uniq_nergalle
Temple:   sentei_temple_godly_chess
Lair:1:   layout_regular_city, nicolae_quartered_pool_impasse, uniq_harold
Lair:2:   layout_roguey, hellmonk_spider_entry_life_and_decay,
          columned_hall_lemuel, minivault_24
Lair:3:   layout_layer_cave, skrybe_swamp_entry_bodies
Lair:4:   layout_regular_city, nicolae_slime_entry_slimehenge, basic_altar,
          grunt_megastairs_5
Lair:5:   grunt_lair_end_beastmaster, layout_loops_ring
Orc:1:    layout_diamond_mine, serial_shops, nicolae_shop_peninsula

Skill      XL: |  1  2  3  4  5  6  7  8  9 10 11 12 13 |
---------------+----------------------------------------+-----
Fire Magic     | 1 2 3 4 5 6 7 8 |  8.3
Air Magic      | 1 2 3 4 5 6 7 |  7.6
Fighting       | 1 2 3 5 6 7 8 |  8.4
Short Blades   | 1 |  1.6
Dodging        | 1 2 3 |  3.8
Stealth        | 2 3 4 5 6 |  6.9
Conjurations   | 1 2 3 4 5 7 8 |  8.1
Spellcasting   | 4 5 6 8 9 |  9.4
Polearms       | 2 3 4 5 6 7 |  7.0
Throwing       | 1 2 3 |  3.2
Alchemy        | 5 6 7 |  7.2
Armour         | |  1.0
Evocations     | |  1.0

Action                     |  1- 3 |  4- 6 |  7- 9 | 10-12 | 13-15 || total
---------------------------+-------+-------+-------+-------+-------++-------
  Melee: Whip              |    54 |       |       |       |       ||    54
         Club              |     5 |       |       |       |       ||     5
         Dagger            |    55 |    23 |       |       |       ||    78
         Kick              |    18 |     8 |    51 |   169 |    66 ||   312
         Spear             |    12 |    22 |   241 |   535 |   142 ||   952
  Throw: Dart              |       |     2 |    19 |    56 |     5 ||    82
         Javelin           |       |       |     9 |       |       ||     9
         Boomerang         |       |       |     2 |     5 |     3 ||    10
   Cast: Sting             |    20 |    13 |    26 |     4 |       ||    63
         Mephitic Cloud    |       |     1 |    11 |    39 |     8 ||    59
         Sticky Flame      |       |     1 |     8 |    75 |    25 ||   109
         Airstrike         |       |       |     2 |    12 |       ||    14
 Invoke: Curse Item        |       |       |     2 |     5 |     1 ||     8
         Shatter the Chain |       |       |       |     1 |       ||     1
  Evoke: Wand              |       |       |     1 |       |       ||     1
    Use: Potion            |     1 |       |     2 |       |       ||     3
         Scroll            |       |       |     7 |       |     1 ||     8
   Stab: Sleeping          |     4 |     1 |     2 |    10 |     5 ||    22
         Confused          |       |       |     8 |    42 |    15 ||    65
         Distracted        |       |       |       |     1 |       ||     1
 Armour: Robe              |    74 |    28 |    92 |   225 |   120 ||   539
  Dodge: Dodged            |    80 |    25 |   104 |   178 |    76 ||   463

Table legend: (Time is in decaauts)
 A = Elapsed time spent in this place.
 B = Non-inter-level travel time spent in this place.
 C = Inter-level travel time spent in this place.
 D = Time resting spent in this place.
 E = Time spent auto-exploring this place.
 F = Levels seen in this place.
 G = Mean time per level.
                   A        B        C        D        E       F      G
               +--------+--------+--------+--------+--------+-----+--------+
         Total |  15110 |  14595 |    515 |   1877 |   6017 |  18 |  839.4 |
       Dungeon |   9466 |   9107 |    359 |   1170 |   3743 |  10 |  946.6 |
        Temple |     10 |     10 |      0 |      0 |      0 |   1 |   10.0 |
          Lair |   4765 |   4617 |    148 |    672 |   2049 |   5 |  953.0 |
  Orcish Mines |    355 |    348 |      7 |     17 |     48 |   1 |  355.0 |
        Bailey |    511 |    511 |      0 |     18 |    176 |   1 |  511.0 |
               +--------+--------+--------+--------+--------+-----+--------+

Top non-repeatable levels by time:
    D:10: 1457 daAuts
  Lair:3: 1452 daAuts
  Lair:4: 1342 daAuts
     D:5: 1190 daAuts
     D:8: 1078 daAuts
     D:9: 1068 daAuts
  Lair:1: 971 daAuts
     D:2: 967 daAuts
     D:6: 939 daAuts
     D:1: 936 daAuts
  Lair:2: 930 daAuts
     D:7: 790 daAuts
     D:3: 651 daAuts
  Bailey: 511 daAuts
     D:4: 387 daAuts
